 Dungeon Crawl Stone Soup version 0.26.1-10-gdfb7c7de75 (webtiles) character file.

Game seed: 7021534257367184106

4312 Revguard the Chopper (level 10, -4/76 HPs)
             Began as a Demonspawn Fighter on Apr 3, 2021.
             Was a Believer of Yredelemnul.
             Killed from afar by an electric eel (12 damage)
             ... with a bolt of electricity
             ... on level 8 of the Dungeon.
             The game lasted 00:20:04 (9344 turns).

Revguard the Chopper (Demonspawn Fighter)           Turns: 9344, Time: 00:20:05

Health: -4/76      AC: 15    Str: 24    XL:     10   Next: 11%
Magic:  13/13      EV:  7    Int: 10    God:    Yredelemnul [**....]
Gold:   591        SH: 11    Dex: 16    Spells: 9/9 levels left

rFire    + . .     SeeInvis .   l - +3 hand axe (vorpal)
rCold    . . .     Faith    .   c - +0 kite shield
rNeg     . . .     Spirit   .   r - +4 chain mail {rF+}
rPois    .         Reflect  .   (helmet restricted)
rElec    .         Harm     .   e - +0 cloak
rCorr    .         Rampage  .   (no gloves)
Will     .....                  (no boots)
Stlth    ..........             (no amulet)
HPRegen  0.22/turn              i - +6 ring of strength
MPRegen  0.13/turn              (no ring)

@: no status effects
A: claws 1, hooves 2, horns 1, thin skeletal structure 1, demonic guardian 1,
powered by death 2, wild magic 1, MP-powered wands
a: Renounce Religion, Animate Remains, Recall Undead Slaves, Injury Mirror


You were on level 8 of the Dungeon.
You worshipped Yredelemnul.
Yredelemnul was pleased with you.
You visited 2 branches of the dungeon, and saw 9 of its levels.
You also visited: Sewer and Ossuary.

You collected 591 gold pieces.

Inventory:

Hand Weapons
 a - a +0 war axe
 l - a +3 vorpal hand axe (weapon)
Armour
 c - a +0 kite shield (worn)
 e - a +0 cloak (worn)
 r - a +4 chain mail of fire resistance (worn)
 s - a +0 plate armour of cold resistance
Jewellery
 i - a +6 ring of strength (left claw)
Wands
 m - a wand of acid (10)
 n - a wand of enslavement (11)
 o - a wand of paralysis (11)
Scrolls
 g - 2 scrolls of identify
 k - 3 scrolls of remove curse
 p - a scroll of amnesia
 q - 3 scrolls of fear
 w - a scroll of teleportation
 x - 3 scrolls of vulnerability
 y - a scroll of noise {unknown}
 A - a scroll of blinking {unknown}
 B - a scroll of random uselessness {unknown}
Potions
 b - a potion of flight
 d - 3 potions of might
 f - 3 potions of brilliance
 h - 5 potions of curing
 j - 2 potions of magic
 t - 2 potions of lignification
 u - 4 potions of haste
 v - 2 potions of invisibility
 z - a potion of cancellation {unknown}


   Skills:
 + Level 5.9 Fighting
 + Level 7.8 Axes
 + Level 6.0 Armour
 + Level 2.1 Dodging
 + Level 5.6 Shields
 * Level 5.1 Invocations
 * Level 5.5 Evocations


You had 9 spell levels left.
You didn't know any spells.
Your spell library contained the following spells:

 Spells                   Type           Power        Failure   Level
 Animate Skeleton         Necr           0%           100%        1
 Apportation              Tloc           0%           100%        1
 Corona                   Hex            0%           100%        1
 Summon Small Mammal      Summ           0%           100%        1
 Poisonous Vapours        Pois/Air       0%           100%        2
 Conjure Flame            Conj/Fire      0%           100%        3
 Mephitic Cloud           Conj/Pois/Air  0%           100%        3
 Freezing Cloud           Conj/Ice/Air   0%           100%        6


Dungeon Overview and Level Annotations

Branches:
Dungeon (8/15)             Temple (1/1) D:5           Sewer (visited)
Ossuary (visited)
   Lair: D:8-11

Altars:
Cheibriados
Elyvilon
Fedhas
Gozag
Hepliaklqana
Kikubaaqudgha
Makhleb
Nemelex Xobeh
Okawaru
Qazlal
Ru
Sif Muna
Trog
Uskayaw
Wu Jian
Yredelemnul
Zin
The Shining One

Shops:
D:5 (


Innate Abilities, Weirdness & Mutations

You have sharp fingernails.
You have a somewhat thin skeletal structure. (Dex +2, Stealth)
A weak demonic guardian rushes to your aid.
You regenerate health from kills.
You have hoof-like feet.
You have a pair of small horns on your head.
Your spells are a little harder to cast, but a little more powerful.
You expend magic power (3 MP) to strengthen your wands.


Message History

The bolt of electricity hits you!
The electric eel shoots out a bolt of lightning at you!
The bolt of electricity hits you!
There is an open door here.
The electric eel shoots out a bolt of lightning at you!
The bolt of electricity hits the plant!
The bolt of electricity hits you!
The electric eel shoots out a bolt of lightning at you!
The bolt of electricity hits the plant.
The bolt of electricity hits you.
A nearby plant withers and dies.
The electric eel shoots out a bolt of lightning at you!
The bolt of electricity hits you!
* * * LOW HITPOINT WARNING * * *
There is an open door here.
The electric eel shoots out a bolt of lightning at you!
The bolt of electricity hits you!
* * * LOW HITPOINT WARNING * * *
The electric eel shoots out a bolt of lightning at you!
The bolt of electricity hits you!
You die...
Your body rises from the dead as a mindless zombie.

#..≈≈≈....##≈≈≈##≈≈.))###.#
#...≈.....#;;≈≈≈######.##.##
#...≈≈....#.?.;(##;;;##≈#..Z
#.........#/≈P.!#≈≈.≈≈#≈#.##
##.########P..5P#(≈..≈#≈#Z#
####Z########.....#$.PP?#≈#Z#
#..ZZZ.....##.....#≈≈.P≈#.#Z#
#...Z......###'..##.....#.#Z##
#...Z......#.@##### #.#Z.#
#...Z......##).(≈≈##+ ##.#Z.#
#####Z############((.####.##..#
#....ZZ.....# ###(..≈≈###..#
#..Z........# ####### #.Z#
###...........########## #..#
.).....................# #.Z#
..(.###.#####..........# #..Z
....# #.# #..........# ##..


You could see 2 electric eels and a friendly shadow imp (summoned).

Vanquished Creatures
  A centaur warrior (D:8)
  A two-headed ogre (D:8)
  A wraith (D:5)
  Edmund (D:6)
  2 ice beasts
  2 ogres (D:6)
  An orc warrior (D:5)
  A big kobold (D:8)
  2 elf zombies (Ossuary)
  Dowan (D:6)
  A scorpion (D:3)
  8 wights
  3 howler monkeys
  A bullfrog zombie (D:6)
  3 jellies
  A human zombie (Ossuary)
  7 orc wizards
  3 bullfrog skeletons
  3 orc priests
  A centaur skeleton (D:4)
  5 hounds
  2 iguanas
  Ijyb (D:5)
  2 worker ants (D:5)
  5 mummies
  8 gnolls
  15 adders
  2 white imps
  An ooze (D:1)
  An adder zombie (D:6)
  A worm (D:3)
  A dart slug (D:1)
  6 leopard geckos
  24 orcs
  6 ball pythons
  7 giant cockroaches
  A gnoll zombie (Ossuary)
  8 goblins
  14 hobgoblins
  12 jackals
  23 kobolds
  7 quokkas
  A ball python skeleton (D:5)
  8 bats
  5 frilled lizards
  A giant cockroach zombie (D:6)
  2 hobgoblin zombies (Ossuary)
  A jackal skeleton (D:4)
  2 jackal zombies
  A kobold zombie (Ossuary)
  10 rats
  A rat zombie (Ossuary)
228 creatures vanquished.

Vanquished Creatures (collateral kills)
  Duvessa (D:6)
  4 ogres
  2 scorpions
  A wight (D:7)
  A howler monkey (D:8)
  A jelly (D:6)
  An orc priest (D:6)
  A human zombie (Ossuary)
  An adder (D:2)
  A gnoll (D:6)
  A leopard gecko (D:4)
  A jackal zombie (Ossuary)
  A kobold zombie (Ossuary)
17 creatures vanquished.

Vanquished Creatures (others)
  An adder zombie (D:8)
  A giant cockroach zombie (D:8)
  A hound zombie (D:8)
  2 howler monkey zombies
  5 kobold zombies (D:8)
  A quokka zombie (D:8)
  16 plants
27 creatures vanquished.

Grand Total: 272 creatures vanquished

Notes
Turn   | Place    | Note
-------+----------+-------------------------------------------
     0 | D:1      | Revguard the Demonspawn Fighter began the quest for the
                  | Orb.
     0 | D:1      | Reached XP level 1. HP: 18/18 MP: 1/1
   127 | D:1      | Gained mutation: A weak demonic guardian rushes to your
                  | aid. [demonic ancestry]
   127 | D:1      | Reached XP level 2. HP: 20/24 MP: 2/2
   569 | D:1      | Reached skill level 2 in Axes
   862 | D:1      | Reached XP level 3. HP: 29/29 MP: 3/3
  1533 | D:2      | Gained mutation: You regenerate a little health from kills.
                  | [demonic ancestry]
  1533 | D:2      | Reached XP level 4. HP: 35/35 MP: 4/4
  1551 | D:2      | Found a faded altar of an unknown god.
  1880 | D:2      | Reached skill level 3 in Axes
  2161 | D:2      | Gained mutation: You have sharp fingernails. [demonic
                  | ancestry]
  2161 | D:2      | Reached XP level 5. HP: 41/41 MP: 5/5
  2507 | D:3      | Found a glowing drain.
  2516 | Sewer    | Entered a sewer
  3298 | Sewer    | Gained mutation: You expend magic power (3 MP) to
                  | strengthen your wands. [potion of mutation]
  3298 | Sewer    | Gained mutation: You are resistant to electric shocks.
                  | (rElec) [potion of mutation]
  3299 | Sewer    | Lost mutation: You are resistant to electric shocks.
                  | (rElec) [potion of mutation]
  3299 | Sewer    | Gained mutation: You have large cloven feet. [potion of
                  | mutation]
  3299 | Sewer    | Gained mutation: You have hoof-like feet. [potion of
                  | mutation]
  3348 | D:3      | Reached skill level 1 in Dodging
  3876 | D:4      | Noticed an ogre
  3880 | D:4      | Killed an ogre
  3881 | D:4      | Reached skill level 4 in Axes
  3881 | D:4      | Reached XP level 6. HP: 48/48 MP: 6/6
  4344 | D:4      | Reached XP level 7. HP: 50/54 MP: 7/7
  4640 | D:5      | Entered Level 5 of the Dungeon
  4648 | D:5      | Reached skill level 5 in Axes
  4708 | D:5      | Found Jaimeng's Weapon Shop.
  4715 | D:5      | Noticed Ijyb
  4728 | D:5      | Killed Ijyb
  4999 | D:5      | Noticed a wraith
  5025 | D:5      | Killed a wraith
  5026 | D:5      | Reached skill level 1 in Evocations
  5173 | D:5      | Found an opulent altar of Gozag.
  5242 | D:5      | Lost mutation: You expend magic power (3 MP) to strengthen
                  | your wands. [potion of mutation]
  5242 | D:5      | Gained mutation: You have a pair of small horns on your
                  | head. [potion of mutation]
  5242 | D:5      | Gained mutation: Your spells are a little harder to cast,
                  | but a little more powerful. [potion of mutation]
  5242 | D:5      | Gained mutation: You expend magic power (3 MP) to
                  | strengthen your wands. [potion of mutation]
  5525 | D:5      | Reached XP level 8. HP: 57/61 MP: 8/8
  5563 | D:5      | Found an iron altar of Okawaru.
  5638 | D:5      | Found a staircase to the Ecumenical Temple.
  5644 | Temple   | Entered the Ecumenical Temple
  5777 | Temple   | Became a worshipper of Yredelemnul the Dark
  5849 | D:6      | Found a glowing golden altar of the Shining One.
  5887 | D:6      | Noticed Edmund
  5901 | D:6      | Killed Edmund
  5915 | D:6      | Reached skill level 6 in Axes
  5915 | D:6      | Reached skill level 5 in Armour
  5928 | D:6      | Found a sand-covered staircase.
  5937 | Ossuary  | Entered an ossuary
  5959 | Ossuary  | Reached skill level 5 in Fighting
  6282 | D:6      | Noticed Dowan
  6282 | D:6      | Noticed Duvessa
  6291 | D:6      | Reached * piety under Yredelemnul
  6304 | D:6      | Killed Dowan
  6307 | D:6      | Killed Duvessa
  6499 | D:6      | Gained mutation: You have a somewhat thin skeletal
                  | structure. (Dex +2, Stealth) [demonic ancestry]
  6499 | D:6      | Reached XP level 9. HP: 53/68 MP: 9/9
  6733 | D:6      | Found a hazy altar of Hepliaklqana.
  6791 | D:6      | Found a sparkling altar of Nemelex Xobeh.
  6866 | D:6      | Found a sacrificial altar of Ru.
  7194 | D:7      | Found a blossoming altar of Fedhas.
  7194 | D:7      | Found an iron altar of Okawaru.
  7194 | D:7      | Found a bloodstained altar of Trog.
  7222 | D:7      | Reached skill level 7 in Axes
  7266 | D:7      | Reached skill level 5 in Shields
  7270 | D:7      | Reached ** piety under Yredelemnul
  7271 | D:7      | Reached skill level 1 in Invocations
  7553 | D:7      | Found an ancient bone altar of Kikubaaqudgha.
  8726 | D:8      | Reached skill level 5 in Evocations
  8819 | D:8      | Noticed a two-headed ogre
  8857 | D:8      | Killed a two-headed ogre
  9055 | D:8      | Noticed a centaur warrior
  9070 | D:8      | Killed a centaur warrior
  9071 | D:8      | Reached skill level 5 in Invocations
  9071 | D:8      | Gained mutation: You regenerate health from kills. [demonic
                  | ancestry]
  9071 | D:8      | Reached XP level 10. HP: 38/76 MP: 13/13
  9344 | D:8      | Killed from afar by an electric eel

Illustrated notes

Levels and vault maps discovered:
D:1:      dpeg_arrival_morbid_curiosity, layout_basic, minivault_23
D:2:      layout_loops_ring, chequers_ecumenical_altar_island
D:3:      layout_basic, portal_sewer_entry_d
D:4:      layout_gridville, hangedman_abyss_or_decor_lesser_grid
D:5:      layout_loops_ring, lemuel_round_altar, minmay_temple_entry_fiery,
          serial_shops, nicolae_shop_stone, okawaru_altar_gauntlet_db, uniq_ijyb
D:6:      layout_cave_pools, nemelex_xobeh_ov_fountains_minmay,
          lemuel_crystal_altar, hangedman_ru_absence, gup_ossuary_entry_pyramid,
          basic_altar, uniq_edmund, uniq_duvessa
D:7:      layout_basic, lemuel_crystal_altar, grunt_temple_overflow_open,
          hex_medium
D:8:      cheibrodos_two_vegetables, layout_basic,
          riverfiend_overflow_shadow_ancestor
Temple:   nicolae_temple_figure_zero

Skill      XL: |  1  2  3  4  5  6  7  8  9 |
---------------+----------------------------+-----
Shields        | 3 4 5 |  5.6
Axes           | 2 3 4 5 6 7 |  7.8
Armour         | 3 4 5 6 |  6.0
Dodging        | 1 2 |  2.1
Fighting       | 4 5 |  5.9
Evocations     | 1 4 5 |  5.5
Invocations    | 5 |  5.1

Action                   |  1- 3 |  4- 6 |  7- 9 | 10-12 || total
-------------------------+-------+-------+-------+-------++-------
Melee: War axe           |   105 |   246 |     3 |       ||   354
       Kick              |       |    27 |   126 |       ||   153
       Hand axe          |       |       |   349 |       ||   349
       Headbutt          |       |       |    59 |       ||    59
Invok: Animate Remains   |       |       |    16 |       ||    16
       Recall Undead Sla |       |       |     1 |       ||     1
Evoke: Wand              |       |       |     1 |       ||     1
  Use: Scroll            |     2 |     6 |    15 |       ||    23
       Potion            |       |     5 |     3 |       ||     8
 Stab: Distracted        |       |     2 |     2 |       ||     4
       Paralysed         |       |       |     2 |       ||     2
Armor: Scale mail        |    58 |    98 |       |       ||   156
       Chain mail        |       |    34 |   145 |       ||   179
       Plate armour      |       |     6 |     9 |       ||    15
Dodge: Dodged            |    42 |    67 |    75 |       ||   184
Block: Kite shield       |    60 |   144 |   171 |       ||   375
